 Dungeon Crawl Stone Soup version 0.31-a0-859-g9dce7d3444 (webtiles) character file.

Game seed: 18135555293427667471

658 redmage the Insei (level 7, -1/43 HPs)
             Began as an Octopode Shapeshifter on Oct 10, 2023.
             Slain by a gnoll
             ... wielding a +0 halberd
             ... led by a gnoll bouda
              (12 damage)
             ... on level 5 of the Dungeon.
             The game lasted 00:09:31 (3755 turns).

redmage the Insei (Octopode Shapeshifter)           Turns: 3755, Time: 00:09:32

Health: -1/43      AC:  1    Str: 13    XL:     7   Next: 55%
Magic:  7/7        EV: 13    Int: 13    God:
Gold:   110        SH:  0    Dex: 13    Spells: 6/6 levels left

rFire   . .          .
                       - Unarmed
rCold   . . .        (no shield)
rNeg    . . .        (helmet currently unavailable)
rPois   .            (no amulet)
rElec   .            (no ring)
rCorr   .            (no ring)
SInv    .            (no ring)
Will    .....        (no ring)
Stlth   +++          (no ring)
HPRegen 0.27/turn    (no ring)
MPRegen 0.10/turn    (no ring)
                     (no ring)

%: no passive effects
@: beast-form
A: beast (slay +3), almost no armour, amphibious, 8 rings, camouflage 1,
gelatinous body 1, (nimble swimmer 1), tentacles
a: Begin Untransformation


You were on level 5 of the Dungeon.
You were a hulking beast.
You visited 1 branch of the dungeon, and saw 5 of its levels.

You collected 110 gold pieces.

Inventory:

Missiles
 j - 4 silver javelins
 o - 3 boomerangs (quivered)
Talismans
 b - a beast talisman (active)
 c - a flux talisman
Scrolls
 g - a scroll of torment {unknown}
 i - a scroll of vulnerability {unknown}
 k - a scroll of teleportation {unknown}
 q - a scroll of poison {unknown}
 r - a scroll of amnesia {unknown}
Potions
 a - a potion of lignification
 d - a potion of curing
 f - 2 potions of haste
 l - a potion of invisibility
 m - a potion of heal wounds
 n - a potion of experience
 p - a potion of might {unknown}


   Skills:
 - Level 1.0 Fighting
 - Level 2.0 Dodging
 - Level 4.0 Stealth
 + Level 6.0 Unarmed Combat
 + Level 5.6 Shapeshifting


You had 6 spell levels left.
You didn't know any spells.
Your spell library contained the following spells:

 Spells                   Type           Power      Damage    Failure   Level
 Magic Dart               Conj           0%         1d3       30%         1
 Call Imp                 Summ           0%         N/A       43%         2
 Wereblood                Tmut           0%         N/A       43%         2
 Mephitic Cloud           Conj/Pois/Air  0%         N/A       67%         3
 Tukima's Dance           Hex            0%         N/A       67%         3
 Passage of Golubria      Tloc           0%         N/A       97%         4
 Irradiate                Conj/Tmut      0%         3d11      100%        5
 Yara's Violent Unravell  Hex/Tmut       0%         3d3       100%        5


Dungeon Overview and Level Annotations

Branches:
Dungeon (5/15)
 Temple: D:4-7

Altars:
Cheibriados
Zin

Shops:
D:2 ::=?

Annotations:
D:2 Sigmund
D:5 Dowan


Innate Abilities, Weirdness & Mutations

You are a hulking beast.
Your limbs bulge with bestial killing power. (Slay +3)
You cannot wear most types of armour.
You are amphibious.
You can wear up to eight rings at the same time.
Your skin changes colour to match your surroundings (Stealth+).
Your rubbery body absorbs attacks. (AC +1, EV +1)
((You are camouflaged when in or above water. (Stealth+)))
You have tentacles for arms and can constrict up to eight enemies at once.


Message History

You see here an adder corpse.
You tentacle-slap the gnoll bouda. Your grab misses the gnoll bouda.
You squeeze the gnoll bouda.
The gnoll bouda is heavily wounded.
You tentacle-slap the gnoll bouda. Your grab misses the gnoll bouda.
The gnoll bouda is heavily wounded.
The gnoll bouda hits you with a +0 whip.
A gnoll comes into view. It is wielding a +0 spear.
The gnoll closely misses you.
You tentacle-slap the gnoll bouda but do no damage.
You grab the gnoll bouda.
You squeeze the gnoll bouda, but do no damage.
The gnoll bouda is heavily wounded.
You constrict the gnoll bouda. The gnoll bouda closely misses you.
A gnoll comes into view. It is wielding a +0 club.
The gnoll hits you from afar with a +0 halberd.
You barely miss the gnoll bouda.
The gnoll bouda is severely wounded.
You constrict the gnoll bouda, but do no damage.
The gnoll bouda closely misses you. The gnoll misses you.
The gnoll shouts!
You tentacle-slap the gnoll bouda.
The gnoll bouda is almost dead.
Your attacks no longer feel as feeble.
You constrict the gnoll bouda.
The gnoll bouda hits you with a +0 whip.
The gnoll hits you from afar with a +0 halberd!
You tentacle-slap the gnoll bouda.
You kill the gnoll bouda!
Your Unarmed Combat skill increases to level 6!
Unknown command.
A gnoll comes into view. It is wielding a +0 club.
The gnoll hits you with a +0 halberd!
* * * LOW HITPOINT WARNING * * *
The gnoll closely misses you.
There is a stone staircase leading up, spattered with blood here.
Things that are here:
a +0 whip; a +0 robe; a gnoll corpse The gnoll hits you with a +0 halberd!
You die...

#### ..#
#.####.####.##
#.ggh††.......
#..############
).g .


You could see 3 gnolls.

Vanquished Creatures
  Duvessa (D:5)
  A black bear (D:4)
  A scorpion (D:4)
  A hound (D:5)
  A gnoll bouda (D:5)
  An orc priest (D:4)
  Jessica (D:2)
  3 iguanas (D:4)
  An orc wizard (D:4)
  6 gnolls
  6 adders
  2 dart slugs
  6 orcs
  7 bats
  3 endoplasms
  5 giant cockroaches
  10 hobgoblins
  6 jackals
  4 quokkas
  7 ball pythons
  2 frilled lizards
  7 goblins
  6 kobolds
  4 rats
92 creatures vanquished.

Notes
Turn   | Place    | Note
-------+----------+-------------------------------------------
     0 | D:1      | redmage the Octopode Shapeshifter began the quest for the
                  | Orb.
     0 | D:1      | Reached XP level 1. HP: 13/13 MP: 1/1
   119 | D:1      | Reached skill level 1 in Stealth
   119 | D:1      | Reached XP level 2. HP: 18/18 MP: 2/2
   471 | D:1      | Reached XP level 3. HP: 20/23 MP: 3/3
   988 | D:2      | Noticed Jessica
   990 | D:2      | Killed Jessica
   991 | D:2      | Reached XP level 4. HP: 28/28 MP: 4/4
  1225 | D:2      | Found Emmown's Book Emporium.
  1381 | D:2      | Found Exaefaty's Book Shoppe.
  1398 | D:2      | Noticed Sigmund
  1790 | D:2      | Found Fafoushe's Jewellery Shop.
  1830 | D:2      | Found Xadomab's Magic Scroll Shoppe.
  1947 | D:3      | Found a snail-covered altar of Cheibriados.
  2055 | D:3      | Reached skill level 4 in Unarmed Combat
  2055 | D:3      | Reached XP level 5. HP: 29/33 MP: 5/5
  2420 | D:3      | Found a glowing silver altar of Zin.
  2724 | D:4      | Noticed a black bear
  2730 | D:4      | Killed a black bear
  2731 | D:4      | Reached XP level 6. HP: 28/38 MP: 6/6
  2936 | D:4      | Reached skill level 5 in Unarmed Combat
  3198 | D:4      | Reached skill level 5 in Shapeshifting
  3442 | D:4      | Reached XP level 7. HP: 41/43 MP: 7/7
  3675 | D:5      | Entered Level 5 of the Dungeon
  3680 | D:5      | Noticed Duvessa
  3683 | D:5      | Noticed Dowan
  3688 | D:5      | Killed Duvessa
  3754 | D:5      | Reached skill level 6 in Unarmed Combat
  3755 | D:5      | Slain by a gnoll

Illustrated notes

Levels and vault maps discovered:
D:1:      dpeg_arrival_water_temple_mockup, layout_basic, due_unseen_surprise
D:2:      minmay_angry_zag, layout_loops_corners, serial_shops,
          nicolae_shop_back_alley_shop, shop, shop, shop, uniq_sigmund,
          uniq_jessica
D:3:      layout_loops_ring, mainiacjoe_overflow_alcove_4, zin_statuary
D:4:      layout_cave_pods
D:5:      layout_loops_ring, amcnicky_altar_gilded, serial_shops,
          nicolae_shop_tiny_real_fake_doors, uniq_eustachio, uniq_duvessa

Skill      XL: |  1  2  3  4  5  6  7 |
---------------+----------------------+-----
Stealth        | 1 2 3 4 |  4.0
Unarmed Combat | 4 5 6 |  6.0
Shapeshifting  | 4 5 |  5.6
Fighting       | |  1.0
Dodging        | |  2.0

Action                     |  1- 3 |  4- 6 |  7- 9 || total
---------------------------+-------+-------+-------++-------
  Melee: Unarmed           |    57 |   103 |    28 ||   188
         Constrict         |    18 |    30 |     7 ||    55
         Tentacles         |     9 |    25 |    10 ||    44
         Punch             |     1 |     3 |     1 ||     5
  Throw: Boomerang         |       |     1 |     2 ||     3
    Use: Potion            |       |     1 |       ||     1
         Scroll            |       |       |     5 ||     5
   Stab: Sleeping          |     9 |    10 |     1 ||    20
         Distracted        |       |       |     1 ||     1
 Armour: Skin              |    22 |    31 |    10 ||    63
  Dodge: Dodged            |    34 |    42 |    16 ||    92

Table legend: (Time is in decaauts)
 A = Elapsed time spent in this place.
 B = Non-inter-level travel time spent in this place.
 C = Inter-level travel time spent in this place.
 D = Time resting spent in this place.
 E = Time spent auto-exploring this place.
 F = Levels seen in this place.
 G = Mean time per level.
                   A        B        C        D        E       F      G
               +--------+--------+--------+--------+--------+-----+--------+
         Total |   3741 |   3573 |    168 |     16 |   2865 |   5 |  748.2 |
       Dungeon |   3741 |   3573 |    168 |     16 |   2865 |   5 |  748.2 |
               +--------+--------+--------+--------+--------+-----+--------+

Top non-repeatable levels by time:
     D:4: 995 daAuts
     D:2: 994 daAuts
     D:1: 934 daAuts
     D:3: 778 daAuts
     D:5: 39 daAuts
